 Dungeon Crawl Stone Soup version 0.23-a0-143-g1adec7b (webtiles) character file.

9 Amnesiac the Chiller (level 2, 0/19 HPs)
             Began as a Mummy Ice Elementalist on Sept 5, 2018.
             Slain by an orc wizard
             ... wielding a +0 dagger
              (3 damage)
             ... on level 3 of the Dungeon.
             The game lasted 00:01:26 (396 turns).

Amnesiac the Chiller (Mummy Ice Elementalist)        Turns: 396, Time: 00:01:26

Health: 0/19       AC:  3    Str: 11    XL:     2   Next: 3%
Magic:  3/5        EV: 12    Int: 14    God:
Gold:   83         SH:  0    Dex: 12    Spells: 5/6 levels left

rFire    x . .     SeeInvis .   (no weapon)
rCold    + . .     Gourm    .   (no shield)
rNeg     + + +     Faith    .   a - +0 robe
rPois    ∞         Spirit   .   (no helmet)
rElec    .         Reflect  .   (no cloak)
rCorr    .         Harm     .   (no gloves)
MR       .....                  e - +0 pair of boots
Stlth    ++........             (no amulet)
HPRegen  0.06/turn              (no ring)
MPRegen  0.09/turn              (no ring)

@: no status effects
A: no food or potions, fire vulnerability, cold resistance 1, negative energy
resistance 3, torment resistance, unbreathing
a: no special abilities


You were on level 3 of the Dungeon.
You were not hungry.

You visited 1 branch of the dungeon, and saw 4 of its levels.

You collected 83 gold pieces.

Inventory:

Armour
 a - a +0 robe (worn)
 e - a +0 pair of boots (worn)
Scrolls
 b - 3 scrolls of magic mapping {!r, unknown}
 c - a scroll of teleportation {!r, unknown}
 d - 2 scrolls of identify {!r, unknown}
 f - a scroll of amnesia {!r, unknown}


   Skills:
 - Level 1.5 Dodging
 - Level 1.5 Stealth
 + Level 2.8 Spellcasting
   Level 0.7 Conjurations
 * Level 2.9 Ice Magic


You had 5 spell levels left.
You knew the following spells:

 Your Spells              Type           Power        Failure   Level  Hunger
a - Freeze                Ice            ##..         7%          1    N/A

Your spell library contained the following spells:

 Spells                   Type           Power        Failure   Level  Hunger
 Throw Frost              Conj/Ice       #.....       16%         2    N/A
 Ozocubu's Armour         Chrm/Ice       #.......     36%         3    N/A
 Throw Icicle             Conj/Ice       #.......     71%         4    N/A
 Summon Ice Beast         Ice/Summ       #.......     77%         4    N/A

Dungeon Overview and Level Annotations

Branches:
Dungeon (4/15)
 Temple: D:4-7

Altars:

Annotations:
D:3 exclusion: downstairs
D:4 exclusion: worker ant


Innate Abilities, Weirdness & Mutations

You do not eat or drink.
Your flesh is vulnerable to fire.
You are immune to poison.
Your flesh is cold resistant. (rC+)
You are immune to negative energy. (rN+++)
You are immune to unholy pain and torment.
You can survive without breathing.


Message History

Found a stone staircase leading down.
There is a stone staircase leading up here.
You aren't carrying any items that you can evoke.
Unknown command.
You climb upwards.
There is a stone staircase leading down here.
Press: ? - help, v - describe, . - travel A stone staircase leading down.
Placed new exclusion.
Reduced exclusion size to a single square.
There is a stone staircase leading down here.
You climb downwards.
There is a stone staircase leading up here.
You see here a ration.
You enter a teleport trap!
The teleport trap disappears.
Your surroundings suddenly seem different. 2 orcs and an orc wizard come into view.
An orc comes into view. It is wielding a mace.
The orc shouts! x3
An orc comes into view. It is wielding a short sword.
The orc wizard shouts!
The orc wizard mumbles some strange words.
The orc wizard seems to speed up.
The orc wizard casts a spell.
The orc wizard flickers and vanishes!
Deactivating autopickup; reactivate with Ctrl-A.
A centaur skeleton comes into view.
The centaur skeleton misses you.
A worker ant comes into view.
The worker ant moves out of view.
Found an escape hatch in the ceiling.
The worker ant twitches its antennae in your direction.
Found 11 gold pieces.
The worker ant bites you! The worker ant closely misses you.
Found a ration.
There is an escape hatch in the ceiling here.
Something hits you.
* * * LOW HITPOINT WARNING * * *
The worker ant bites you.
* * * LOW HITPOINT WARNING * * *
A mysterious force pulls you upwards. The hatch slams shut behind you.
Level annotation: exclusion: downstairs A rat comes into view.
Casting: Freeze (safe; 7% risk of failure)
Confirm with . or Enter, or press ? or * to list all spells.
Aiming: Freeze (safe; 7% risk of failure)
Press: ? - help, Shift-Dir - straight line, f - worker ant
Aim: a worker ant You freeze the worker ant.
The worker ant is moderately wounded.
Something hits you.
* * * LOW HITPOINT WARNING * * *
The worker ant bites you but does no damage.
Something completely misses you.
Casting: Freeze (safe; 7% risk of failure)
Confirm with . or Enter, or press ? or * to list all spells.
Aiming: Freeze (safe; 7% risk of failure)
Press: ? - help, Shift-Dir - straight line, f/p - worker ant
Aim: a worker ant (moderately wounded)
You freeze the worker ant.
The worker ant is heavily wounded.
Something hits you.
You die...

###
#..
#r#
#.#
#@#
#a#
#..
####


You could see a worker ant and a rat.

Vanquished Creatures
  A bat (D:1)
  2 goblins (D:1)
  A hobgoblin (D:1)
  A frilled lizard (D:1)
  2 kobolds (D:1)
  A rat (D:1)
8 creatures vanquished.

Notes
Turn   | Place    | Note
-------+----------+-------------------------------------------
     0 | D:1      | Amnesiac the Mummy Ice Elementalist began the quest for the
                  | Orb.
     0 | D:1      | Reached XP level 1. HP: 13/13 MP: 4/4
   129 | D:1      | Reached XP level 2. HP: 10/19 MP: 0/5
   396 | D:3      | Slain by an orc wizard

Vault maps used:
D:1:      lightli_molten_gateway, st_stairs_6
D:2:      marbit_many_paths, lemuel_round_altar, kennysheep_boxes, uniq_sigmund
D:3:      amethyst_overflow_temple_binary, minmay_misc_feat_more_columns
D:4:      minmay_goblin_kobold_castle

Action                   || total
-------------------------++-------
 Cast: Freeze            ||    13
Armor: Robe              ||     1
Dodge: Dodged            ||     7

Table legend:
 A = Non-vault XP
 B = Vault XP
 C = Vault XP percentage of total XP
 D = Non-vault monster count
 E = Vault monster count
 F = Vault count percentage of total count
                 A         B        C        D         E       F
            +---------+---------+-------+---------+---------+-------
      Total |      13 |       0 |   0.0 |       8 |       0 |   0.0
            +---------+---------+-------+---------+---------+-------
        D:1 |      13 |       0 |   0.0 |       8 |       0 |   0.0
            +---------+---------+-------+---------+---------+-------
